Sewer Rats vs Carnivores
(R1)
Created - 5 février 2017 at 23:32
Goals
|
| Sewer Rats |
2 |
0 |
1 |
3 |
| Carnivores |
1 |
4 |
0 |
5 |
|
Shots
|
| Sewer Rats |
9 |
5 |
11 |
25 |
| Carnivores |
18 |
11 |
3 |
32 |
|
1st period
1. Carnivores , Blake Geoffrion 22 (Mikael Granlund) at 3:31
2. Sewer Rats , Peter Mueller 10 (Kyle Quincey) at 11:26
3. Sewer Rats , Derek Dorsett 12 (Vojtech Polak, Jonathan Marchessault) at 16:18
Penalties :
No Penalty
2nd period
4. Carnivores , Markus Granlund 5 (Colton Orr, Mat Clark) at 7:46
5. Carnivores , Anton Gustafsson 14 (Bobby Sanguinetti, Chris Lawrence) at 12:28
6. Carnivores , Artemi Panarin 32 (Jeremy Williams) at 19:08
7. Carnivores , Artemi Panarin 33 (Mikael Granlund) at 19:35 (PP)
Penalties :
Bobby Sanguinetti (Bre) for Hooking (Minor) at 0:45, Sasha Pokulok (Bre) for Tripping (Minor) at 9:05, Richard Jackman (Tol) for Hooking (Minor) at 19:31
3rd period
8. Sewer Rats , Matt Lashoff 7 (Ville Leino, Richard Jackman) at 13:53 (PP)
Penalties :
Frederic St-Denis (Bre) for Roughing (Minor) at 8:52, Mat Clark (Bre) for Elbowing (Minor) at 11:34, Mattias Backman (Bre) for Hooking (Minor) at 13:39, Brendan Gallagher (Bre) for Hooking (Minor) at 14:42
Goalie Stats
Richard Bachman (Tol), 27 saves from 32 shots - (0,844), L, 14-15-1, 60:00 minutes
Chad Johnson (Bre), 22 saves from 25 shots - (0,880), W, 17-8-3, 60:00 minutes
Players Stats for Sewer Rats
Player Name G A P +/- PIM S H SB GA TA FO MP PP MP PK MP
------------------------------------------------------------------------------------
Daniel Carr 0 0 0 0 0 0 0 0 0 0 0/0 0:21 0:00 0:00
Derek Dorsett 1 0 1 0 0 2 1 1 0 0 0/0 12:46 0:01 0:00
Evan Brophey 0 0 0 -1 0 0 0 0 0 0 2/4 7:15 0:00 0:00
Jared Boll 0 0 0 -1 0 0 5 1 0 0 0/1 19:15 4:55 0:00
Jarred Tinordi 0 0 0 1 0 0 1 1 0 0 0/0 9:28 0:00 0:04
Joel Edmundson 0 0 0 0 0 1 0 0 0 0 0/0 6:39 0:00 0:00
John Lammers 0 0 0 -1 0 0 0 0 0 0 0/0 7:15 0:00 0:00
Jonathan Marchessault 0 1 1 0 0 0 0 0 0 0 4/5 12:25 0:00 0:00
Kyle Quincey 0 1 1 -1 0 0 1 1 1 1 0/0 19:25 4:50 0:00
Kyle Turris 0 0 0 -1 0 0 0 1 0 0 5/9 19:17 4:55 0:00
Mark Mancari 0 0 0 0 0 3 0 0 0 0 0/2 19:56 5:06 0:00
Matt Lashoff 1 0 1 -2 0 2 0 0 0 1 0/0 24:32 5:19 0:04
Mattias Ekholm 0 0 0 -1 0 2 1 1 0 0 0/0 19:25 4:50 0:00
Nick Cousins 0 0 0 0 0 0 0 0 0 0 0/0 0:00 0:00 0:00
Patrick Bordeleau 0 0 0 1 0 0 1 0 0 0 1/1 3:11 0:16 0:00
Peter Mueller 1 0 1 0 0 1 1 0 1 1 14/33 20:09 5:13 0:04
Richard Jackman 0 1 1 -2 2 5 1 1 1 0 0/0 24:27 5:19 0:00
Ryan Murphy 0 0 0 0 0 0 0 0 0 0 0/0 6:39 0:00 0:00
Steven Kampfer 0 0 0 1 0 0 1 0 0 0 0/0 9:24 0:00 0:00
Tom Sestito 0 0 0 0 0 0 0 0 0 0 0/0 1:01 0:08 0:00
Ville Leino 0 1 1 -2 0 7 0 0 1 1 0/1 25:23 4:58 0:04
Vincent Trocheck 0 0 0 0 0 0 0 0 0 0 0/0 0:00 0:00 0:00
Vojtech Polak 0 1 1 0 0 1 1 0 1 0 0/0 12:25 0:00 0:00
William Karlsson 0 0 0 0 0 0 0 0 0 0 0/0 0:00 0:00 0:00
Zach Boychuk 0 0 0 -1 0 1 1 0 2 1 0/0 19:17 4:55 0:00
Players Stats for Carnivores
Player Name G A P +/- PIM S H SB GA TA FO MP PP MP PK MP
------------------------------------------------------------------------------------
Anton Gustafsson 1 0 1 -1 0 3 0 0 0 0 3/8 11:12 0:00 0:00
Artemi Panarin 2 0 2 1 0 4 1 0 3 0 6/9 18:50 0:04 5:30
Blake Geoffrion 1 0 1 1 0 7 3 1 1 0 0/1 18:57 0:00 1:37
Bobby Sanguinetti 0 1 1 0 2 0 1 1 0 1 0/0 18:06 0:04 0:00
Brendan Gallagher 0 0 0 1 2 0 3 0 0 0 1/1 18:46 0:04 2:05
Chris Lawrence 0 1 1 -1 0 3 2 0 0 1 0/0 14:25 0:00 2:52
Colton Orr 0 1 1 1 0 3 1 0 1 0 0/0 8:07 0:00 0:00
Frederic St-Denis 0 0 0 1 2 0 0 0 0 0 0/0 15:36 0:00 3:25
Jeremy Welsh 0 0 0 -1 0 0 3 0 0 1 0/0 11:12 0:00 0:00
Jeremy Williams 0 1 1 1 0 1 1 0 0 0 1/1 12:42 0:00 0:00
Lane MacDermid 0 0 0 1 0 2 1 0 0 0 0/0 13:45 0:00 5:33
Mark McNeill 0 0 0 0 0 0 0 0 0 0 1/1 3:14 0:00 2:26
Markus Granlund 1 0 1 1 0 1 1 0 0 1 1/3 8:07 0:00 0:00
Mat Clark 0 1 1 1 2 0 1 1 0 0 0/0 10:51 0:00 0:00
Mattias Backman 0 0 0 0 2 0 0 0 0 0 0/0 5:27 0:00 0:00
Mikael Granlund 0 2 2 1 0 2 0 0 0 0 13/23 17:04 0:04 0:15
Nate Schmidt 0 0 0 0 0 1 1 0 0 0 0/0 23:51 0:04 4:32
Patrick McNeill 0 0 0 0 0 0 0 0 0 0 0/0 1:11 0:00 1:11
Phil Oreskovic 0 0 0 1 0 4 2 1 0 1 0/0 19:54 0:00 5:37
Sasha Pokulok 0 0 0 1 2 1 0 1 0 1 0/0 19:07 0:00 4:22
Zach Jones 0 0 0 0 0 0 0 0 0 0 0/0 6:39 0:00 1:11
Zack Smith 0 0 0 1 0 0 3 0 0 1 4/9 12:42 0:00 0:00
3 Stars
1 - Artemi Panarin (Bre)
2 - Blake Geoffrion (Bre)
3 - Markus Granlund (Bre)
Power Play
Sewer Rats - 1 on 6 Attempt(s) - 16,67%
Carnivores - 1 on 1 Attempt(s) - 100,00%
Penalty Kill
Sewer Rats - 0 on 1 Attempt(s) - 0,00%
- Score 0 goal in Penalty Kill
Carnivores - 5 on 6 Attempt(s) - 83,33%
- Score 0 goal in Penalty Kill
Team Stat
Sewer Rats - Hits : 15 - Faceoff Wins : 26 - Blocked Shots : 7 - Penalty Minutes : 2
Carnivores - Hits : 24 - Faceoff Wins : 30 - Blocked Shots : 5 - Penalty Minutes : 12
Official
Referees : Charron Francis and Jackson Dave
Linesman : Scott Driscoll and Mike Cvik
Game Notes
No Game Note
Finance
Level 1 -- Attendance: 1347 (67,35%) -- Ticket Income 53 880 $
Level 2 -- Attendance: 795 (79,50%) -- Ticket Income 15 900 $
Total Attendance: 2142 (71,40%)
Total Ticket Income: 69 780 $
Other Income: 3 489 $
Total Income: 73 269 $
Sewer Rats
5 vs 5 Forward
Center Left Wing Right Wing Time % Phy DF OF
1 Peter Mueller Ville Leino Mark Mancari 40 1 2 2
2 Kyle Turris Zach Boychuk Jared Boll 30 1 2 2
3 Jonathan Marchessault Vojtech Polak Derek Dorsett 20 1 2 2
4 Evan Brophey John Lammers Ville Leino 10 1 2 2
5 vs 5 Defense
Defense Defense Time % Phy DF OF
1 Richard Jackman Matt Lashoff 40 1 2 2
2 Mattias Ekholm Kyle Quincey 30 1 2 2
3 Steven Kampfer Jarred Tinordi 20 1 2 2
4 Joel Edmundson Ryan Murphy 10 1 2 2
PowerPlay Forward
Center Left Wing Right Wing Time % Phy DF OF
1 Peter Mueller Ville Leino Mark Mancari 60 1 2 2
2 Kyle Turris Zach Boychuk Jared Boll 40 1 2 2
PowerPlay Defense
Defense Defense Time % Phy DF OF
1 Richard Jackman Matt Lashoff 60 1 2 2
2 Mattias Ekholm Kyle Quincey 40 1 2 2
Penalty Kill 4 Players Forward
Center Wing Time % Phy DF OF
1 Ville Leino Peter Mueller 60 1 2 2
2 Mark Mancari Zach Boychuk 40 1 2 2
Penalty Kill 4 Players Defense
Defense Defense Time % Phy DF OF
1 Richard Jackman Matt Lashoff 60 1 2 2
2 Mattias Ekholm Kyle Quincey 40 1 2 2
Penalty Kill - 3 Players Forward
Forward Time % Phy DF OF
1 Ville Leino 60 1 2 2
2 Peter Mueller 40 1 2 2
Penalty Kill - 3 Players Defense
Defense Defense Time % Phy DF OF
1 Richard Jackman Matt Lashoff 60 1 2 2
2 Mattias Ekholm Kyle Quincey 40 1 2 2
4 vs 4 Forward
Center Wing Time % Phy DF OF
1 Ville Leino Peter Mueller 60 1 2 2
2 Mark Mancari Zach Boychuk 40 1 2 2
4 vs 4 Defense
Defense Defense Time % Phy DF OF
1 Richard Jackman Matt Lashoff 60 1 2 2
2 Mattias Ekholm Kyle Quincey 40 1 2 2
Last Minutes Offensive
Center Left Wing Right Wing Defense Defense
Peter Mueller Ville Leino Mark Mancari Richard Jackman Matt Lashoff
Last Minutes Defensive
Center Left Wing Right Wing Defense Defense
Peter Mueller Ville Leino Mark Mancari Richard Jackman Matt Lashoff
Goaltenders
Starting : Richard Bachman
Backup : Brad Thiessen
Extra Forwards
Normal : Patrick Bordeleau, Tom Sestito, Daniel Carr - PP : Patrick Bordeleau, Tom Sestito - PK : Daniel Carr
Extra Defensemen
Normal : Steven Kampfer, Jarred Tinordi, Joel Edmundson - PP : Steven Kampfer - PK : Jarred Tinordi, Joel Edmundson
Penalty Shots
Ville Leino, Peter Mueller, Mark Mancari, Zach Boychuk, Kyle Turris
Carnivores
5 vs 5 Forward
Center Left Wing Right Wing Time % Phy DF OF
1 Mikael Granlund Blake Geoffrion Brendan Gallagher 40 1 2 2
2 Zack Smith Artemi Panarin Jeremy Williams 30 1 2 2
3 Anton Gustafsson Jeremy Welsh Chris Lawrence 20 1 2 2
4 Markus Granlund Lane MacDermid Colton Orr 10 1 2 2
5 vs 5 Defense
Defense Defense Time % Phy DF OF
1 Bobby Sanguinetti Nate Schmidt 40 1 2 2
2 Phil Oreskovic Sasha Pokulok 30 1 2 2
3 Mat Clark Frederic St-Denis 20 1 2 2
4 Mattias Backman Zach Jones 10 1 2 2
PowerPlay Forward
Center Left Wing Right Wing Time % Phy DF OF
1 Mikael Granlund Artemi Panarin Brendan Gallagher 60 1 2 2
2 Anton Gustafsson Blake Geoffrion Jeremy Williams 40 1 2 2
PowerPlay Defense
Defense Defense Time % Phy DF OF
1 Bobby Sanguinetti Nate Schmidt 60 1 2 2
2 Mat Clark Phil Oreskovic 40 1 2 2
Penalty Kill 4 Players Forward
Center Wing Time % Phy DF OF
1 Artemi Panarin Lane MacDermid 60 1 2 2
2 Chris Lawrence Brendan Gallagher 40 1 2 2
Penalty Kill 4 Players Defense
Defense Defense Time % Phy DF OF
1 Phil Oreskovic Sasha Pokulok 60 1 2 2
2 Frederic St-Denis Nate Schmidt 40 1 2 2
Penalty Kill - 3 Players Forward
Forward Time % Phy DF OF
1 Artemi Panarin 60 1 2 2
2 Anton Gustafsson 40 1 2 2
Penalty Kill - 3 Players Defense
Defense Defense Time % Phy DF OF
1 Phil Oreskovic Sasha Pokulok 60 1 2 2
2 Frederic St-Denis Nate Schmidt 40 1 2 2
4 vs 4 Forward
Center Wing Time % Phy DF OF
1 Artemi Panarin Blake Geoffrion 60 1 2 2
2 Mikael Granlund Chris Lawrence 40 1 2 2
4 vs 4 Defense
Defense Defense Time % Phy DF OF
1 Bobby Sanguinetti Nate Schmidt 60 1 2 2
2 Phil Oreskovic Sasha Pokulok 40 1 2 2
Last Minutes Offensive
Center Left Wing Right Wing Defense Defense
Mikael Granlund Artemi Panarin Jeremy Williams Bobby Sanguinetti Nate Schmidt
Last Minutes Defensive
Center Left Wing Right Wing Defense Defense
Anton Gustafsson Artemi Panarin Chris Lawrence Bobby Sanguinetti Nate Schmidt
Goaltenders
Starting : Chad Johnson
Backup : Antti Raanta
Extra Forwards
Normal : Mark McNeill, Chris Lawrence, Brendan Gallagher - PP : Mark McNeill, Jeremy Welsh - PK : Mark McNeill
Extra Defensemen
Normal : Patrick McNeill, Mattias Backman, Zach Jones - PP : Patrick McNeill - PK : Patrick McNeill, Zach Jones
Penalty Shots
Blake Geoffrion, Jeremy Williams, Chris Lawrence, Colton Orr, Zack Smith
% Time on Ice - Sewer Rats
Lines # - Real PCT - Wanted PCT - Time Play
Normal Forward
1 - 31% - 40% - 15:35
2 - 29% - 30% - 14:32
3 - 25% - 20% - 12:25
4 - 15% - 10% - 7:15
Normal Defense
1 - 38% - 40% - 19:09
2 - 29% - 30% - 14:35
3 - 19% - 20% - 9:24
4 - 13% - 10% - 6:39
PP Forward
1 - 52% - 60% - 5:14
2 - 48% - 40% - 4:55
PP Defense
1 - 52% - 60% - 5:19
2 - 48% - 40% - 4:50
PK Forward
1 - 100% - 60% - 0:04
2 - 0% - 40% - 0:00
PK Defense
1 - 100% - 60% - 0:04
2 - 0% - 40% - 0:00
PK3 Forward
1 - 0% - 60%
2 - 0% - 40%
PK3 Defense
1 - 0% - 60%
2 - 0% - 40%
44 Forward
1 - 0% - 60%
2 - 0% - 40%
44 Defense
1 - 0% - 60%
2 - 0% - 40%
Last Minute Offensive - 0:00
Last Minute Defensive - 0:00
Total
Forward - 60:00
Defense - 60:00
|
% Time on Ice - Carnivores
Lines # - Real PCT - Wanted PCT - Time Play
Normal Forward
1 - 35% - 40% - 17:37
2 - 26% - 30% - 12:51
3 - 22% - 20% - 11:12
4 - 16% - 10% - 8:07
Normal Defense
1 - 37% - 40% - 18:29
2 - 30% - 30% - 15:03
3 - 22% - 20% - 10:47
4 - 11% - 10% - 5:28
PP Forward
1 - 100% - 60% - 0:04
2 - 0% - 40% - 0:00
PP Defense
1 - 100% - 60% - 0:04
2 - 0% - 40% - 0:00
PK Forward
1 - 72% - 60% - 7:17
2 - 28% - 40% - 2:52
PK Defense
1 - 55% - 60% - 5:37
2 - 45% - 40% - 4:32
PK3 Forward
1 - 0% - 60%
2 - 0% - 40%
PK3 Defense
1 - 0% - 60%
2 - 0% - 40%
44 Forward
1 - 0% - 60%
2 - 0% - 40%
44 Defense
1 - 0% - 60%
2 - 0% - 40%
Last Minute Offensive - 0:00
Last Minute Defensive - 0:00
Total
Forward - 60:00
Defense - 60:00
|
Play by Play
1st period
0:01 of 1st period - Mikael Granlund wins face-off versus Peter Mueller in neutral zone.
0:57 of 1st period - Wrist shot by Anton Gustafsson.
0:57 of 1st period - Stopped by Richard Bachman with a rebound.
1:27 of 1st period - Off-side.
1:28 of 1st period - Peter Mueller wins face-off versus Mikael Granlund in neutral zone.
1:33 of 1st period - Snap shot by Ville Leino.
1:33 of 1st period - Shot Misses the Net.
2:19 of 1st period - Off-side.
2:20 of 1st period - Kyle Turris wins face-off versus Anton Gustafsson in neutral zone.
2:23 of 1st period - Snap shot by Jared Boll.
2:23 of 1st period - Shot Misses the Net.
2:29 of 1st period - Snap shot by Chris Lawrence.
2:29 of 1st period - Stopped by Richard Bachman without a rebound.
2:30 of 1st period - Mikael Granlund wins face-off versus Peter Mueller in Sewer Rats zone.
2:45 of 1st period - Wrist shot by Mark Mancari.
2:45 of 1st period - Shot Misses the Net.
3:04 of 1st period - Snap shot by Kyle Turris.
3:04 of 1st period - Shot Misses the Net.
3:21 of 1st period - Wrist shot by Chris Lawrence.
3:21 of 1st period - Shot Blocked by Jarred Tinordi.
3:23 of 1st period - Wrist shot by Anton Gustafsson.
3:23 of 1st period - Stopped by Richard Bachman without a rebound.
3:24 of 1st period - Mikael Granlund wins face-off versus Peter Mueller in Sewer Rats zone.
3:25 of 1st period - Snap shot by Blake Geoffrion.
3:25 of 1st period - Stopped by Richard Bachman without a rebound.
3:26 of 1st period - Mikael Granlund wins face-off versus Peter Mueller in Sewer Rats zone.
3:31 of 1st period - Snap shot by Blake Geoffrion.
3:31 of 1st period - Goal by Blake Geoffrion - Sewer Rats : 0 - Carnivores : 1.
3:32 of 1st period - Mikael Granlund wins face-off versus Peter Mueller in neutral zone.
3:41 of 1st period - Snap shot by Mark Mancari.
3:41 of 1st period - Stopped by Chad Johnson with a rebound.
3:43 of 1st period - Slapshot by Mattias Ekholm.
3:43 of 1st period - Shot Misses the Net.
3:45 of 1st period - Snap shot by Mark Mancari.
3:45 of 1st period - Shot Misses the Net.
3:47 of 1st period - Slapshot by Mattias Ekholm.
3:47 of 1st period - Stopped by Chad Johnson without a rebound.
3:48 of 1st period - Kyle Turris wins face-off versus Markus Granlund in Carnivores zone.
4:00 of 1st period - Off-side.
4:01 of 1st period - Peter Mueller wins face-off versus Mikael Granlund in neutral zone.
4:07 of 1st period - Off-side.
4:08 of 1st period - Brendan Gallagher wins face-off versus Peter Mueller in neutral zone.
4:38 of 1st period - Off-side.
4:39 of 1st period - Kyle Turris wins face-off versus Anton Gustafsson in neutral zone.
5:11 of 1st period - Evan Brophey is hit by Zack Smith.
5:53 of 1st period - Off-side.
5:54 of 1st period - Mikael Granlund wins face-off versus Kyle Turris in neutral zone.
6:03 of 1st period - Snap shot by Blake Geoffrion.
6:03 of 1st period - Stopped by Richard Bachman without a rebound.
6:04 of 1st period - Mikael Granlund wins face-off versus Kyle Turris in Sewer Rats zone.
7:08 of 1st period - Wrist shot by Blake Geoffrion.
7:08 of 1st period - Shot Misses the Net.
7:10 of 1st period - Slapshot by Blake Geoffrion.
7:10 of 1st period - Shot Blocked by Jared Boll.
7:12 of 1st period - Slapshot by Phil Oreskovic.
7:12 of 1st period - Shot Blocked by Kyle Turris.
7:35 of 1st period - Slapshot by Blake Geoffrion.
7:35 of 1st period - Stopped by Richard Bachman with a rebound.
7:37 of 1st period - Slapshot by Phil Oreskovic.
7:37 of 1st period - Stopped by Richard Bachman with a rebound.
8:07 of 1st period - Zach Boychuk is hit by Blake Geoffrion and loses puck.
8:33 of 1st period - Snap shot by Mikael Granlund.
8:33 of 1st period - Deflect By Zach Boychuk.
8:33 of 1st period - Stopped by Richard Bachman without a rebound.
8:34 of 1st period - Peter Mueller wins face-off versus Zack Smith in Sewer Rats zone.
8:48 of 1st period - Wrist shot by Artemi Panarin.
8:48 of 1st period - Shot Misses the Net.
9:02 of 1st period - Slapshot by Vojtech Polak.
9:02 of 1st period - Shot Misses the Net.
9:45 of 1st period - Snap shot by Jeremy Williams.
9:45 of 1st period - Stopped by Richard Bachman with a rebound.
10:34 of 1st period - Icing by Richard Jackman.
10:35 of 1st period - Anton Gustafsson wins face-off versus Jonathan Marchessault in Sewer Rats zone.
11:20 of 1st period - Bobby Sanguinetti is hit by Patrick Bordeleau.
11:26 of 1st period - Snap shot by Peter Mueller.
11:26 of 1st period - Goal by Peter Mueller - Sewer Rats : 1 - Carnivores : 1.
11:27 of 1st period - Zack Smith wins face-off versus Peter Mueller in neutral zone.
11:52 of 1st period - Mattias Ekholm is hit by Markus Granlund and loses puck.
14:06 of 1st period - Snap shot by Ville Leino.
14:06 of 1st period - Shot Misses the Net.
14:08 of 1st period - Wrist shot by Ville Leino.
14:08 of 1st period - Shot Misses the Net.
14:10 of 1st period - Snap shot by Ville Leino.
14:10 of 1st period - Stopped by Chad Johnson with a rebound.
14:22 of 1st period - Snap shot by John Lammers.
14:22 of 1st period - Shot Misses the Net.
14:24 of 1st period - Slapshot by Joel Edmundson.
14:24 of 1st period - Stopped by Chad Johnson without a rebound.
14:25 of 1st period - Jonathan Marchessault wins face-off versus Blake Geoffrion in Carnivores zone.
14:42 of 1st period - Vojtech Polak is hit by Blake Geoffrion and loses puck.
14:53 of 1st period - Nate Schmidt is hit by Jared Boll and loses puck.
15:22 of 1st period - Snap shot by Colton Orr.
15:22 of 1st period - Stopped by Richard Bachman with a rebound.
15:24 of 1st period - Slapshot by Sasha Pokulok.
15:24 of 1st period - Shot Misses the Net.
15:26 of 1st period - Snap shot by Lane MacDermid.
15:26 of 1st period - Stopped by Richard Bachman with a rebound.
15:28 of 1st period - Slapshot by Lane MacDermid.
15:28 of 1st period - Shot Blocked by Mattias Ekholm.
15:30 of 1st period - Slapshot by Phil Oreskovic.
15:30 of 1st period - Stopped by Richard Bachman without a rebound.
15:31 of 1st period - Kyle Turris wins face-off versus Mikael Granlund in Sewer Rats zone.
15:38 of 1st period - Richard Jackman is hit by Brendan Gallagher and loses puck.
15:59 of 1st period - Ville Leino is hit by Mat Clark and loses puck.
16:04 of 1st period - Snap shot by Artemi Panarin.
16:04 of 1st period - Shot Misses the Net.
16:06 of 1st period - Snap shot by Artemi Panarin.
16:06 of 1st period - Stopped by Richard Bachman without a rebound.
16:07 of 1st period - Jonathan Marchessault wins face-off versus Anton Gustafsson in Sewer Rats zone.
16:16 of 1st period - Wrist shot by Derek Dorsett.
16:16 of 1st period - Stopped by Chad Johnson with a rebound.
16:18 of 1st period - Wrist shot by Derek Dorsett.
16:18 of 1st period - Goal by Derek Dorsett - Sewer Rats : 2 - Carnivores : 1.
16:19 of 1st period - Jeremy Williams wins face-off versus Peter Mueller in neutral zone.
16:24 of 1st period - Peter Mueller is hit by Zack Smith and loses puck.
16:49 of 1st period - Wrist shot by Blake Geoffrion.
16:49 of 1st period - Shot Misses the Net.
16:51 of 1st period - Wrist shot by Mikael Granlund.
16:51 of 1st period - Stopped by Richard Bachman with a rebound.
16:53 of 1st period - Slapshot by Sasha Pokulok.
16:53 of 1st period - Stopped by Richard Bachman with a rebound.
16:55 of 1st period - Snap shot by Blake Geoffrion.
16:55 of 1st period - Stopped by Richard Bachman with a rebound.
17:11 of 1st period - Wrist shot by Colton Orr.
17:11 of 1st period - Shot Misses the Net.
17:13 of 1st period - Slapshot by Phil Oreskovic.
17:13 of 1st period - Stopped by Richard Bachman without a rebound.
17:14 of 1st period - Zack Smith wins face-off versus Peter Mueller in Sewer Rats zone.
17:48 of 1st period - Snap shot by Zach Boychuk.
17:48 of 1st period - Stopped by Chad Johnson without a rebound.
17:49 of 1st period - Anton Gustafsson wins face-off versus Mark Mancari in Carnivores zone.
18:28 of 1st period - Snap shot by Artemi Panarin.
18:28 of 1st period - Shot Misses the Net.
18:38 of 1st period - Jared Boll is hit by Brendan Gallagher and loses puck.
19:28 of 1st period - Wrist shot by John Lammers.
19:28 of 1st period - Deflect By Ville Leino.
19:28 of 1st period - Stopped by Chad Johnson without a rebound.
19:29 of 1st period - Anton Gustafsson wins face-off versus Evan Brophey in Carnivores zone.
19:48 of 1st period - Wrist shot by Brendan Gallagher.
19:48 of 1st period - Shot Misses the Net.
19:50 of 1st period - Snap shot by Nate Schmidt.
19:50 of 1st period - Shot Misses the Net.
Goals for this period are 2 for Sewer Rats vs 1 for Carnivores.
Shots for this period are 9 for Sewer Rats vs 18 for Carnivores.
2nd period
0:01 of 2nd period - Zack Smith wins face-off versus Peter Mueller in neutral zone.
0:04 of 2nd period - Slapshot by Jeremy Williams.
0:04 of 2nd period - Shot Blocked by Richard Jackman.
0:06 of 2nd period - Slapshot by Bobby Sanguinetti.
0:06 of 2nd period - Shot Misses the Net.
0:08 of 2nd period - Wrist shot by Zack Smith.
0:08 of 2nd period - Shot Misses the Net.
0:10 of 2nd period - Wrist shot by Nate Schmidt.
0:10 of 2nd period - Stopped by Richard Bachman without a rebound.
0:11 of 2nd period - Peter Mueller wins face-off versus Mikael Granlund in Sewer Rats zone.
0:11 of 2nd period - Peter Mueller is hit by Blake Geoffrion.
0:27 of 2nd period - Wrist shot by Blake Geoffrion.
0:27 of 2nd period - Stopped by Richard Bachman without a rebound.
0:28 of 2nd period - Jonathan Marchessault wins face-off versus Zack Smith in Sewer Rats zone.
0:28 of 2nd period - Jonathan Marchessault is hit by Zack Smith.
0:34 of 2nd period - Snap shot by Artemi Panarin.
0:34 of 2nd period - Stopped by Richard Bachman with a rebound.
0:36 of 2nd period - Snap shot by Artemi Panarin.
0:36 of 2nd period - Shot Blocked by Derek Dorsett.
0:45 of 2nd period - Minor Penalty to Bobby Sanguinetti for Hooking.
0:46 of 2nd period - Peter Mueller wins face-off versus Artemi Panarin in Carnivores zone.
2:04 of 2nd period - Peter Mueller is hit by Brendan Gallagher and loses puck.
2:23 of 2nd period - Artemi Panarin is hit by Jared Boll and loses puck.
2:34 of 2nd period - Wrist shot by Peter Mueller.
2:34 of 2nd period - Shot Misses the Net.
2:45 of 2nd period - Penalty to Bobby Sanguinetti is over, Bobby Sanguinetti is back on ice.
4:34 of 2nd period - Snap shot by Lane MacDermid.
4:34 of 2nd period - Deflect By Mark Mancari.
4:34 of 2nd period - Stopped by Richard Bachman with a rebound.
4:52 of 2nd period - Slapshot by Chris Lawrence.
4:52 of 2nd period - Shot Misses the Net.
5:06 of 2nd period - Nate Schmidt is hit by Steven Kampfer and loses puck.
5:37 of 2nd period - Colton Orr is hit by Jared Boll and loses puck.
5:48 of 2nd period - Derek Dorsett is hit by Jeremy Welsh and loses puck.
6:41 of 2nd period - Zach Boychuk is hit by Chris Lawrence and loses puck.
7:46 of 2nd period - Snap shot by Colton Orr.
7:46 of 2nd period - Deflect By Markus Granlund.
7:46 of 2nd period - Goal by Markus Granlund - Sewer Rats : 2 - Carnivores : 2.
7:47 of 2nd period - Peter Mueller wins face-off versus Mikael Granlund in neutral zone.
7:50 of 2nd period - Snap shot by Matt Lashoff.
7:50 of 2nd period - Deflect By Mark Mancari.
7:50 of 2nd period - Stopped by Chad Johnson without a rebound.
7:51 of 2nd period - Mikael Granlund wins face-off versus Peter Mueller in Carnivores zone.
7:51 of 2nd period - Mikael Granlund is hit by Peter Mueller.
7:59 of 2nd period - Wrist shot by Mikael Granlund.
7:59 of 2nd period - Shot Misses the Net.
8:07 of 2nd period - Slapshot by Ville Leino.
8:07 of 2nd period - Stopped by Chad Johnson with a rebound.
8:27 of 2nd period - Bobby Sanguinetti is hit by Zach Boychuk and loses puck.
8:42 of 2nd period - Slapshot by Richard Jackman.
8:42 of 2nd period - Stopped by Chad Johnson with a rebound.
8:58 of 2nd period - Sasha Pokulok is hit by Vojtech Polak and loses puck.
9:05 of 2nd period - Minor Penalty to Sasha Pokulok for Tripping.
9:06 of 2nd period - Artemi Panarin wins face-off versus Peter Mueller in Carnivores zone.
11:05 of 2nd period - Penalty to Sasha Pokulok is over, Sasha Pokulok is back on ice.
11:31 of 2nd period - Snap shot by Ville Leino.
11:31 of 2nd period - Stopped by Chad Johnson with a rebound.
11:33 of 2nd period - Wrist shot by John Lammers.
11:33 of 2nd period - Deflect By Artemi Panarin.
11:33 of 2nd period - Shot Misses the Net.
11:33 of 2nd period - Puck is out of play.
11:34 of 2nd period - Evan Brophey wins face-off versus Anton Gustafsson in Carnivores zone.
11:52 of 2nd period - Off-side.
11:53 of 2nd period - Jonathan Marchessault wins face-off versus Markus Granlund in neutral zone.
11:56 of 2nd period - Sasha Pokulok is hit by Derek Dorsett and loses puck.
12:19 of 2nd period - Richard Jackman is hit by Chris Lawrence and loses puck.
12:24 of 2nd period - Snap shot by Chris Lawrence.
12:24 of 2nd period - Stopped by Richard Bachman with a rebound.
12:26 of 2nd period - Slapshot by Bobby Sanguinetti.
12:26 of 2nd period - Shot Misses the Net.
12:28 of 2nd period - Snap shot by Anton Gustafsson.
12:28 of 2nd period - Goal by Anton Gustafsson - Sewer Rats : 2 - Carnivores : 3.
12:29 of 2nd period - Mikael Granlund wins face-off versus Peter Mueller in neutral zone.
12:36 of 2nd period - Wrist shot by Blake Geoffrion.
12:36 of 2nd period - Stopped by Richard Bachman with a rebound.
12:38 of 2nd period - Wrist shot by Brendan Gallagher.
12:38 of 2nd period - Shot Misses the Net.
13:21 of 2nd period - Derek Dorsett is hit by Lane MacDermid and loses puck.
13:28 of 2nd period - Slapshot by Lane MacDermid.
13:28 of 2nd period - Shot Misses the Net.
13:50 of 2nd period - Snap shot by Chris Lawrence.
13:50 of 2nd period - Shot Misses the Net.
14:22 of 2nd period - Slapshot by Matt Lashoff.
14:22 of 2nd period - Shot Blocked by Bobby Sanguinetti.
14:24 of 2nd period - Snap shot by Derek Dorsett.
14:24 of 2nd period - Shot Misses the Net.
14:26 of 2nd period - Snap shot by Vojtech Polak.
14:26 of 2nd period - Stopped by Chad Johnson with a rebound.
14:28 of 2nd period - Snap shot by Jonathan Marchessault.
14:28 of 2nd period - Deflect By Artemi Panarin.
14:28 of 2nd period - Shot Misses the Net.
14:28 of 2nd period - Puck is out of play.
14:29 of 2nd period - Peter Mueller wins face-off versus Zack Smith in Carnivores zone.
14:54 of 2nd period - Mat Clark is hit by Jarred Tinordi and loses puck.
15:03 of 2nd period - Snap shot by Mikael Granlund.
15:03 of 2nd period - Shot Misses the Net.
15:25 of 2nd period - Off-side.
15:26 of 2nd period - Markus Granlund wins face-off versus Peter Mueller in neutral zone.
16:16 of 2nd period - Slapshot by Colton Orr.
16:16 of 2nd period - Stopped by Richard Bachman without a rebound.
16:17 of 2nd period - Kyle Turris wins face-off versus Mikael Granlund in Sewer Rats zone.
16:42 of 2nd period - Zach Boychuk is hit by Jeremy Welsh and loses puck.
18:53 of 2nd period - Wrist shot by Mikael Granlund.
18:53 of 2nd period - Shot Misses the Net.
18:58 of 2nd period - Icing by John Lammers.
18:59 of 2nd period - Artemi Panarin wins face-off versus Evan Brophey in Sewer Rats zone.
19:08 of 2nd period - Wrist shot by Artemi Panarin.
19:08 of 2nd period - Goal by Artemi Panarin - Sewer Rats : 2 - Carnivores : 4.
19:09 of 2nd period - Mikael Granlund wins face-off versus Peter Mueller in neutral zone.
19:13 of 2nd period - Nate Schmidt is hit by Richard Jackman.
19:17 of 2nd period - Snap shot by Blake Geoffrion.
19:17 of 2nd period - Shot Misses the Net.
19:31 of 2nd period - Minor Penalty to Richard Jackman for Hooking.
19:32 of 2nd period - Mikael Granlund wins face-off versus Ville Leino in Sewer Rats zone.
19:35 of 2nd period - Snap shot by Artemi Panarin.
19:35 of 2nd period - Goal by Artemi Panarin - Sewer Rats : 2 - Carnivores : 5.
19:36 of 2nd period - Mikael Granlund wins face-off versus Peter Mueller in neutral zone.
Goals for this period are 0 for Sewer Rats vs 4 for Carnivores.
Shots for this period are 5 for Sewer Rats vs 11 for Carnivores.
3rd period
0:01 of 3rd period - Peter Mueller wins face-off versus Mikael Granlund in neutral zone.
0:01 of 3rd period - Peter Mueller is hit by Bobby Sanguinetti.
0:04 of 3rd period - Kyle Quincey is hit by Nate Schmidt and loses puck.
0:39 of 3rd period - Off-side.
0:40 of 3rd period - Peter Mueller wins face-off versus Anton Gustafsson in neutral zone.
1:19 of 3rd period - Matt Lashoff is hit by Phil Oreskovic and loses puck.
1:52 of 3rd period - Snap shot by Lane MacDermid.
1:52 of 3rd period - Deflect By Colton Orr.
1:52 of 3rd period - Stopped by Richard Bachman without a rebound.
1:53 of 3rd period - Evan Brophey wins face-off versus Zack Smith in Sewer Rats zone.
2:02 of 3rd period - Slapshot by Mattias Ekholm.
2:02 of 3rd period - Deflect By Ville Leino.
2:02 of 3rd period - Stopped by Chad Johnson without a rebound.
2:03 of 3rd period - Peter Mueller wins face-off versus Zack Smith in Carnivores zone.
2:04 of 3rd period - Snap shot by Ville Leino.
2:04 of 3rd period - Shot Misses the Net.
2:06 of 3rd period - Slapshot by Kyle Quincey.
2:06 of 3rd period - Shot Misses the Net.
2:08 of 3rd period - Wrist shot by Peter Mueller.
2:08 of 3rd period - Shot Misses the Net.
2:10 of 3rd period - Snap shot by Mark Mancari.
2:10 of 3rd period - Stopped by Chad Johnson with a rebound.
2:12 of 3rd period - Slapshot by Mattias Ekholm.
2:12 of 3rd period - Stopped by Chad Johnson with a rebound.
2:14 of 3rd period - Slapshot by Kyle Quincey.
2:14 of 3rd period - Deflect By Peter Mueller.
2:14 of 3rd period - Shot Misses the Net.
2:14 of 3rd period - Puck is out of play.
2:15 of 3rd period - Peter Mueller wins face-off versus Mikael Granlund in Carnivores zone.
2:18 of 3rd period - Snap shot by Ville Leino.
2:18 of 3rd period - Stopped by Chad Johnson with a rebound.
2:40 of 3rd period - Bobby Sanguinetti is hit by Mattias Ekholm.
3:29 of 3rd period - Kyle Quincey is hit by Colton Orr and loses puck.
3:50 of 3rd period - Wrist shot by Ville Leino.
3:50 of 3rd period - Deflect By Nate Schmidt.
3:50 of 3rd period - Stopped by Chad Johnson without a rebound.
3:51 of 3rd period - Zack Smith wins face-off versus Kyle Turris in Carnivores zone.
3:51 of 3rd period - Zack Smith is hit by Jared Boll.
4:17 of 3rd period - Vojtech Polak is hit by Jeremy Welsh and loses puck.
5:18 of 3rd period - Derek Dorsett is hit by Artemi Panarin and loses puck.
6:32 of 3rd period - Joel Edmundson is hit by Jeremy Williams and loses puck.
6:43 of 3rd period - Snap shot by Zach Boychuk.
6:43 of 3rd period - Shot Misses the Net.
6:49 of 3rd period - Zach Boychuk is hit by Phil Oreskovic and loses puck.
7:40 of 3rd period - Slapshot by Ville Leino.
7:40 of 3rd period - Shot Misses the Net.
8:52 of 3rd period - Minor Penalty to Frederic St-Denis for Roughing.
8:53 of 3rd period - Artemi Panarin wins face-off versus Peter Mueller in Carnivores zone.
9:32 of 3rd period - Chris Lawrence is hit by Jared Boll and loses puck.
10:52 of 3rd period - Penalty to Frederic St-Denis is over, Frederic St-Denis is back on ice.
11:12 of 3rd period - Wrist shot by Chris Lawrence.
11:12 of 3rd period - Stopped by Richard Bachman with a rebound.
11:14 of 3rd period - Slapshot by Phil Oreskovic.
11:14 of 3rd period - Deflect By Vojtech Polak.
11:14 of 3rd period - Stopped by Richard Bachman with a rebound.
11:26 of 3rd period - Snap shot by Matt Lashoff.
11:26 of 3rd period - Shot Blocked by Blake Geoffrion.
11:28 of 3rd period - Slapshot by John Lammers.
11:28 of 3rd period - Shot Blocked by Mat Clark.
11:34 of 3rd period - Minor Penalty to Mat Clark for Elbowing.
11:35 of 3rd period - Artemi Panarin wins face-off versus Kyle Turris in Carnivores zone.
12:47 of 3rd period - Slapshot by Blake Geoffrion.
12:47 of 3rd period - Deflect By Mark McNeill.
12:47 of 3rd period - Shot Hit the Post.
12:47 of 3rd period - Puck is out of play.
12:48 of 3rd period - Mark McNeill wins face-off versus Peter Mueller in Sewer Rats zone.
13:34 of 3rd period - Penalty to Mat Clark is over, Mat Clark is back on ice.
13:39 of 3rd period - Minor Penalty to Mattias Backman for Hooking.
13:40 of 3rd period - Peter Mueller wins face-off versus Artemi Panarin in Carnivores zone.
13:41 of 3rd period - Snap shot by Ville Leino.
13:41 of 3rd period - Shot Misses the Net.
13:43 of 3rd period - Snap shot by Richard Jackman.
13:43 of 3rd period - Shot Blocked by Phil Oreskovic.
13:45 of 3rd period - Slapshot by Richard Jackman.
13:45 of 3rd period - Shot Misses the Net.
13:47 of 3rd period - Slapshot by Matt Lashoff.
13:47 of 3rd period - Stopped by Chad Johnson with a rebound.
13:49 of 3rd period - Slapshot by Richard Jackman.
13:49 of 3rd period - Stopped by Chad Johnson with a rebound.
13:51 of 3rd period - Wrist shot by Ville Leino.
13:51 of 3rd period - Shot Misses the Net.
13:53 of 3rd period - Slapshot by Matt Lashoff.
13:53 of 3rd period - Goal by Matt Lashoff - Sewer Rats : 3 - Carnivores : 5.
13:54 of 3rd period - Peter Mueller wins face-off versus Mikael Granlund in neutral zone.
14:35 of 3rd period - Icing by Kyle Quincey.
14:36 of 3rd period - Mikael Granlund wins face-off versus Mark Mancari in Sewer Rats zone.
14:42 of 3rd period - Minor Penalty to Brendan Gallagher for Hooking.
14:43 of 3rd period - Artemi Panarin wins face-off versus Jared Boll in Carnivores zone.
15:11 of 3rd period - Slapshot by Richard Jackman.
15:11 of 3rd period - Stopped by Chad Johnson with a rebound.
15:13 of 3rd period - Wrist shot by Matt Lashoff.
15:13 of 3rd period - Shot Blocked by Sasha Pokulok.
15:15 of 3rd period - Slapshot by Richard Jackman.
15:15 of 3rd period - Stopped by Chad Johnson with a rebound.
15:17 of 3rd period - Backhand shot by Richard Jackman.
15:17 of 3rd period - Stopped by Chad Johnson without a rebound.
15:18 of 3rd period - Peter Mueller wins face-off versus Artemi Panarin in Carnivores zone.
15:29 of 3rd period - Snap shot by Artemi Panarin.
15:29 of 3rd period - Shot Blocked by Kyle Quincey.
16:05 of 3rd period - Icing by Mark Mancari.
16:06 of 3rd period - Artemi Panarin wins face-off versus Peter Mueller in Sewer Rats zone.
16:42 of 3rd period - Penalty to Brendan Gallagher is over, Brendan Gallagher is back on ice.
17:00 of 3rd period - Nate Schmidt is hit by Kyle Quincey.
17:46 of 3rd period - Slapshot by Chris Lawrence.
17:46 of 3rd period - Shot Misses the Net.
19:29 of 3rd period - Icing by Tom Sestito.
19:30 of 3rd period - Patrick Bordeleau wins face-off versus Mikael Granlund in Sewer Rats zone.
Goals for this period are 1 for Sewer Rats vs 0 for Carnivores.
Shots for this period are 11 for Sewer Rats vs 3 for Carnivores.
Back to the Top